 Dungeon Crawl Stone Soup version 0.26.1-2-gb8aa6d0cf2 (webtiles) character file.

Game seed: 15555843567661350330

123 Coolblue908 the Shield-Bearer (level 5, -2/33 HPs)
             Began as a Gargoyle Fighter on Mar 27, 2021.
             Slain by an orc
             ... wielding a +0 hand axe
              (3 damage)
             ... on level 3 of the Dungeon.
             The game lasted 00:03:04 (2289 turns).

Coolblue908 the Shield-Bearer (Gargoyle Fighter)    Turns: 2289, Time: 00:03:04

Health: -2/33      AC: 11    Str: 21    XL:     5   Next: 7%
Magic:  5/5        EV:  7    Int:  8    God:
Gold:   97         SH:  9    Dex:  9    Spells: 4/4 levels left

rFire    . . .     SeeInvis .   a - +0 flail
rCold    . . .     Faith    .   c - +0 kite shield
rNeg     + . .     Spirit   .   b - +0 scale mail
rPois    ∞         Reflect  .   (no helmet)
rElec    +         Harm     .   (no cloak)
rCorr    .         Rampage  .   (no gloves)
Will     .....                  (no boots)
Stlth    ..........             (no amulet)
HPRegen  0.11/turn              (no ring)
MPRegen  0.09/turn              (no ring)

@: no status effects
A: negative energy resistance 1, electricity resistance, unbreathing,
petrification resistance, miasma immunity, AC +4
a: no special abilities


You were on level 3 of the Dungeon.
You visited 1 branch of the dungeon, and saw 3 of its levels.

You collected 97 gold pieces.

Inventory:

Hand Weapons
 a - a +0 flail (weapon)
Armour
 b - a +0 scale mail (worn)
 c - a +0 kite shield (worn)
 l - a cursed +0 pair of boots
Jewellery
 s - an uncursed amulet of the acrobat {unknown}
Scrolls
 g - a scroll of immolation {unknown}
 h - a scroll of remove curse {unknown}
 j - a scroll of identify {unknown}
 k - 5 scrolls of magic mapping {unknown}
 n - 2 scrolls of teleportation {unknown}
 o - a scroll of noise {unknown}
 q - a scroll of random uselessness {unknown}
Potions
 d - 2 potions of might
 e - 2 potions of heal wounds {unknown}
 f - 2 potions of lignification {unknown}
 i - 3 potions of brilliance {unknown}
 m - 5 potions of curing {unknown}
 p - 2 potions of magic {unknown}
 r - a potion of mutation {unknown}
 t - 2 potions of flight {unknown}


   Skills:
 + Level 4.0 Fighting
 + Level 2.7 Maces & Flails
 + Level 4.1 Armour
 + Level 0.4 Dodging
 + Level 4.4 Shields


You had 4 spell levels left.
You didn't know any spells.
Your spell library was empty.

Dungeon Overview and Level Annotations

Branches:
Dungeon (3/15)

Altars:
Gozag

Annotations:
D:3 Grinder


Innate Abilities, Weirdness & Mutations

You are resistant to torment.
Your stone body is resilient. (AC +4)
You are immune to poison.
You resist negative energy. (rN+)
You are resistant to electric shocks. (rElec)
You can survive without breathing.
You are immune to petrification.
You are immune to miasma.


Message History

You can move again.
You hit Grinder.
Grinder is moderately wounded.
The jackal closely misses you. You block the jackal's attack. x2
The orc priest casts a cantrip, but nothing happens.
Grinder gestures at you. You resist with significant effort.
You block the orc's attack. The jackal barely misses you. x2
The jackal bites you but does no damage.
The orc hits you with a +0 flail.
* * * LOW HITPOINT WARNING * * *
Your scale mail prevents you from hitting Grinder.
Grinder is moderately wounded.
You block the jackal's attack. x2; The jackal completely misses you.
Grinder hits you.
* * * LOW HITPOINT WARNING * * *
You writhe in agony.
* * * LOW HITPOINT WARNING * * *
The orc hits you with a +0 hand axe.
You die...

####.### . #.... #.
###.# ##.# #.# ... #.#
... #.# ###.### #.#
#..ooo# #.#
#..hh@##############.#
#...h5h..............#
.........###.###########
##.......# #........
#.##.##.# ######### # #.
#.# #. #.# #. #.# #.#


You could see Grinder, an orc priest, 2 orcs and 4 jackals.

Vanquished Creatures
  A worker ant (D:2)
  5 adders
  A worm (D:2)
  2 dart slugs
  A leopard gecko (D:2)
  2 orcs (D:3)
  4 bats
  3 giant cockroaches
  7 goblins
  5 hobgoblins
  5 frilled lizards
  6 kobolds
  3 rats
45 creatures vanquished.

Notes
Turn   | Place    | Note
-------+----------+-------------------------------------------
     0 | D:1      | Coolblue908 the Gargoyle Fighter began the quest for the
                  | Orb.
     0 | D:1      | Reached XP level 1. HP: 14/14 MP: 1/1
   157 | D:1      | Reached XP level 2. HP: 15/19 MP: 2/2
   622 | D:1      | You fall into a shaft and drop 1 floor!
   833 | D:2      | Reached XP level 3. HP: 24/24 MP: 3/3
   961 | D:2      | Reached XP level 4. HP: 18/29 MP: 4/4
  1098 | D:2      | Found a faded altar of an unknown god.
  1404 | D:2      | Found an opulent altar of Gozag.
  2192 | D:3      | Reached XP level 5. HP: 28/33 MP: 5/5
  2273 | D:3      | Noticed Grinder
  2278 | D:3      | Paralysed by Grinder for 4 turns
  2283 | D:3      | Paralysed by Grinder for 5 turns
  2289 | D:3      | HP: 1/33 [Grinder (1)]
  2289 | D:3      | Slain by an orc

Illustrated notes

Levels and vault maps discovered:
D:1:      minmay_arrival_stair_chambers, layout_basic
D:2:      layout_basic, overflow_temple_1_default,
          chequers_ecumenical_altar_simple_redux
D:3:      layout_loops_ring, nicolae_overflow_crystal_walls,
          nicolae_overflow_hidden_temple, uniq_grinder

Skill      XL: |  1  2  3  4 |
---------------+-------------+-----
Shields        | 4 |  4.4
Armour         | 4 |  4.1
Fighting       | 4 |  4.0
Maces & Flails | |  2.7
Dodging        | |  0.4

Action                   |  1- 3 |  4- 6 || total
-------------------------+-------+-------++-------
Melee: Flail             |   102 |   144 ||   246
Armor: Scale mail        |    73 |   105 ||   178
Dodge: Dodged            |    47 |    54 ||   101
Block: Kite shield       |    71 |    99 ||   170
